 Dungeon Crawl Stone Soup version 0.31-a0-133-gaae73658be (webtiles) character file.

Game seed: 9429342525371891443

157 avis the Trooper (level 5, -5/35 (37) HPs)
             Began as an Octopode Transmuter on May 31, 2023.
             Slain by a hell rat (19 damage)
             ... in a sewer on June 2, 2023.
             The game lasted 00:19:18 (3259 turns).

avis the Trooper (Octopode Transmuter)              Turns: 3259, Time: 00:19:19

HP:   -5/35 (37)    AC:  1    Str:  9    XL:     5   Next: 38%
MP:   8/8           EV: 13    Int: 15    God:
Gold: 187           SH:  0    Dex: 15    Spells: 2/8 levels left

rFire   . . .        a - +0 short sword
rCold   . . .        (no shield)
rNeg    . . .        (helmet currently unavailable)
rPois   +            (no amulet)
rElec   .            e - ring of poison resistance
rCorr   .            (no ring)
SInv    .            (no ring)
Will    .....        (no ring)
Stlth   +++          (no ring)
HPRegen 0.25/turn    (no ring)
MPRegen 0.11/turn    (no ring)
                     (no ring)

%: no passive effects
@: appendages (expiring), drained
A: tentacle spike 3, almost no armour, amphibious, 8 rings, camouflage 1,
gelatinous body 1, nimble swimmer 1, tentacles
a: End Transformation


You were in a sewer.
One of your tentacles had grown a beastly spike.
You visited 1 branch of the dungeon, and saw 3 of its levels.
You also visited: Sewer.

You collected 187 gold pieces.

Inventory:

Hand Weapons
 a - a +0 short sword (weapon)
 k - a +0 whip of draining
 l - a +0 sling
Missiles
 r - 8 poisoned darts
Jewellery
 e - a ring of poison resistance (left tentacle)
Wands
 q - a wand of mindburst (5)
Scrolls
 g - a scroll of fog {unknown}
 i - a scroll of brand weapon {unknown}
 j - 2 scrolls of teleportation {unknown}
 m - 2 scrolls of enchant weapon {unknown}
 n - a scroll of poison {unknown}
 o - a scroll of noise {unknown}
 p - a scroll of identify {unknown}
Potions
 b - a potion of heal wounds {unknown}
 c - 2 potions of lignification
 d - 2 potions of might {unknown}
 f - a potion of enlightenment {unknown}
 h - a potion of degeneration {unknown}


   Skills:
 - Level 4.0 Fighting
 * Level 2.2 Dodging
 - Level 3.0 Unarmed Combat
 - Level 2.0 Spellcasting
 - Level 3.0 Transmutations
 - Level 2.0 Poison Magic


You had 2 spell levels left.
You knew the following spells:

 Your Spells              Type           Power      Damage    Failure   Level
a - Beastly Appendage     Tmut           20%        N/A       6%          1
e - Wereblood             Tmut           10%        N/A       10%         2
p - Spider Form           Tmut/Pois      9%         N/A       24%         3

Your spell library contained the following spells:

 Spells                   Type           Power      Damage    Failure   Level
 Static Discharge         Conj/Air       2%         2-3/arc   32%         2
 Sublimation of Blood     Necr           1%         N/A       32%         2
 Ice Form                 Ice/Tmut       6%         N/A       75%         4
 Airstrike                Air            0%         2d(1-17)  91%         4
 Summon Lightning Spire   Summ/Air       1%         N/A       91%         4
 Summon Hydra             Summ           0%         N/A       100%        7


Dungeon Overview and Level Annotations

Branches:
Dungeon (3/15)              Sewer (1/1)

Altars:
Vehumet

Shops:
D:1 =   D:2 *


Innate Abilities, Weirdness & Mutations

One of your tentacles has grown a beastly spike.
You cannot wear most types of armour.
You are amphibious.
You can wear up to eight rings at the same time.
Your skin changes colour to match your surroundings (Stealth+).
Your rubbery body absorbs attacks. (AC +1, EV +1)
You are camouflaged when in or above water. (Stealth+)
You have tentacles for arms and can constrict up to eight enemies at once.


Message History

Nothing appears to happen.
You start resting.
Your magical contamination has completely faded away.
You start resting.
Magic restored.
Casting: Beastly Appendage (safe; 6% risk of failure)
Confirm with . or Enter, or press ? or * to list all spells.
One of your tentacles grows a vicious spike.
You open the door.
A hell rat comes into view.
The hell rat roars deafeningly!
Found five items.
Found a gate leading back out of this place.
You closely miss the hell rat. Your grab misses the hell rat.
You pierce the hell rat, but do no damage.
The hell rat closely misses you.
You hit the hell rat but do no damage. You grab the hell rat.
You squeeze the hell rat, but do no damage.
You constrict the hell rat, but do no damage.
The hell rat misses you.
You hit the hell rat but do no damage.
You pierce the hell rat.
The hell rat is lightly wounded.
You constrict the hell rat. The hell rat bites you.
You hit the hell rat but do no damage.
You pierce the hell rat.
You squeeze the hell rat, but do no damage.
The hell rat is lightly wounded.
You constrict the hell rat. The hell rat misses you.
You hit the hell rat.
You pierce the hell rat, but do no damage.
The hell rat is heavily wounded.
You constrict the hell rat, but do no damage.
The hell rat barely misses you. The hell rat bites you!!
Ouch! That really hurt!
You feel drained.
You hit the hell rat but do no damage.
The hell rat is heavily wounded.
Your transformation is almost over.
You constrict the hell rat. The hell rat bites you!!
Ouch! That really hurt!
You die...

###~..###
#~..~~~~#
##.~..~~~##
#~..###~~~#
##~~## ##.~##
#~†~#.~ #~~.#
#~~##!~~##~~#
#..#??~~~#~.#
#∩∩#∩?~~~r@.#
#..#?$~~~#.~#
#~~##?.~##..#
#~.~#.~ #.~.#
##~~## ##.†##
#..~###.†~#
##.~.~..~##
#.†~..~.#
###~~~###


You could see a hell rat.

Vanquished Creatures
  5 adders (D:2)
  4 river rats (Sewer)
  2 worms (D:2)
  2 dart slugs
  4 bats (D:1)
  6 endoplasms
  5 giant cockroaches
  3 goblins
  6 hobgoblins
  5 quokkas
  5 ball pythons
  4 frilled lizards
  7 kobolds
  7 rats
65 creatures vanquished.

Notes
Turn   | Place    | Note
-------+----------+-------------------------------------------
     0 | D:1      | avis the Octopode Transmuter began the quest for the Orb.
     0 | D:1      | Reached XP level 1. HP: 13/13 MP: 3/3
   240 | D:1      | Reached skill level 2 in Fighting
   240 | D:1      | Reached XP level 2. HP: 16/19 MP: 3/5
   597 | D:1      | Reached XP level 3. HP: 13/24 MP: 6/6
   601 | D:1      | Learned a level 2 spell: Wereblood
   605 | D:1      | Learned a level 3 spell: Spider Form
   796 | D:1      | Found Pyetuwua's Jewellery Emporium.
  1325 | D:2      | Found a radiant altar of Vehumet.
  1471 | D:2      | Reached skill level 3 in Fighting
  1471 | D:2      | Reached XP level 4. HP: 19/31 MP: 4/7
  1880 | D:2      | Identified the +2 leather armour "Meir" {SInv}
  2070 | D:2      | Found Tuomme's Assorted Antiques.
  2694 | D:2      | Upgraded the game from 0.31-a0-117-g42d8f58691 to
                  | 0.31-a0-133-gaae73658be
  3047 | D:3      | Reached skill level 4 in Fighting
  3051 | D:3      | Found a glowing drain.
  3060 | D:3      | Reached XP level 5. HP: 36/37 MP: 5/8
  3072 | Sewer    | Entered a sewer
  3080 | Sewer    | Reached skill level 1 in Poison Magic
  3259 | Sewer    | Slain by a hell rat

Illustrated notes

Levels and vault maps discovered:
D:1:      lemuel_arrival_lava_pool, layout_loops_corners, serial_shops,
          nicolae_shop_window_shopping, chequers_decorated_corner
D:2:      layout_basic, basic_altar, serial_shops, nicolae_shop_crystal,
          minmay_domino_4
D:3:      layout_basic, portal_sewer_entry_f, eino_tiny_chamber,
          minmay_misc_feat_x, serial_park_tiny_2, uniq_grinder
Sewer:    sewer_hellmonk_bad_rat

Skill      XL: |  1  2  3  4  5 |
---------------+----------------+-----
Fighting       | 2 3 4 |  4.0
Transmutations | 3 |  3.0
Poison Magic   | 2 |  2.0
Dodging        | |  2.2
Unarmed Combat | |  3.0
Spellcasting   | |  2.0

Action                     |  1- 3 |  4- 6 || total
---------------------------+-------+-------++-------
  Melee: Unarmed           |    29 |    29 ||    58
         Kick              |    17 |    22 ||    39
         Constrict         |    17 |    15 ||    32
         Tentacles         |    13 |    18 ||    31
         Short sword       |    45 |    60 ||   105
         Punch             |       |     2 ||     2
   Cast: Beastly Appendage |    20 |    13 ||    33
         Spider Form       |     5 |    11 ||    16
   Stab: Sleeping          |     8 |     5 ||    13
 Armour: Skin              |     6 |     4 ||    10
  Dodge: Dodged            |    47 |    65 ||   112

Table legend: (Time is in decaauts)
 A = Elapsed time spent in this place.
 B = Non-inter-level travel time spent in this place.
 C = Inter-level travel time spent in this place.
 D = Time resting spent in this place.
 E = Time spent auto-exploring this place.
 F = Levels seen in this place.
 G = Mean time per level.
                   A        B        C        D        E       F      G
               +--------+--------+--------+--------+--------+-----+--------+
         Total |   3255 |   2937 |    318 |    548 |   1578 |   4 |  813.8 |
       Dungeon |   3069 |   2751 |    318 |    439 |   1578 |   3 | 1023.0 |
         Sewer |    186 |    186 |      0 |    109 |      0 |   1 |  186.0 |
               +--------+--------+--------+--------+--------+-----+--------+

Top non-repeatable levels by time:
     D:2: 1592 daAuts
     D:1: 1323 daAuts
   Sewer: 186 daAuts
     D:3: 153 daAuts
